 Dungeon Crawl Stone Soup version 0.20-a0-270-g8e735b6 (webtiles) character file.

240 Leibowitz the Ducker (level 5, 0/41 HPs)
             Began as a Demigod Gladiator on Dec 10, 2016.
             Killed by nerve-wracking pain
             ... invoked by an orc priest
              (13 damage)
             ... on level 3 of the Dungeon.
             The game lasted 00:06:07 (2934 turns).

Leibowitz the Ducker (Demigod Gladiator)            Turns: 2934, Time: 00:06:07

Health: 0/41       AC:  4    Str: 24    XL:     5   Next: 50%
Magic:  7/7        EV: 14    Int: 12    God:
Gold:   137        SH:  0    Dex: 18    Spells: 3/4 levels left

rFire  . . .     SeeInvis .     a - +0 dagger (venom)
rCold  . . .     Gourm    .     b - +0 leather armour
rNeg   . . .     Faith    .     (no shield)
rPois  .         Spirit   .     c - +0 helmet
rElec  .         Reflect  .     (no cloak)
rCorr  .         Harm     .     (no gloves)
MR     .....                    (no boots)
Stlth  ++........               (no amulet)
                                (no ring)
                                p - +6 ring of strength

@: no status effects
A: high mp 1
a: no special abilities


You were on level 3 of the Dungeon.
You were very hungry.

You visited 1 branch of the dungeon, and saw 3 of its levels.

You collected 137 gold pieces.

Inventory:

Hand Weapons
 a - a +0 dagger of venom (weapon)
 i - a +0 rapier
Missiles
 d - a throwing net (quivered)
Armour
 b - a +0 leather armour (worn)
 c - a +0 helmet (worn)
Jewellery
 p - a +6 ring of strength (left hand)
Scrolls
 e - 4 scrolls of identify {unknown}
 h - 2 scrolls of magic mapping {unknown}
 j - 3 scrolls of remove curse {unknown}
 m - 2 scrolls of amnesia {unknown}
 o - a scroll of immolation {unknown}
 q - a scroll of fog {unknown}
 y - a scroll of teleportation {unknown}
Potions
 g - a potion of mutation {unknown}
 l - 2 potions of flight {unknown}
 r - a potion of agility {unknown}
 s - 2 potions of cure mutation {unknown}
 t - a potion of might {unknown}
 v - a potion of lignification {unknown}
 w - 3 potions of heal wounds {unknown}
Books
 u - a book of Maledictions

   Spells                             Type                      Level
   a - Corona                         Hexes                        1
   b - Ensorcelled Hibernation        Hexes/Ice                    2
   c - Confuse                        Hexes                        3
   d - Tukima's Dance                 Hexes                        3
   e - Dazzling Spray                 Conjuration/Hexes            3
Comestibles
 f - a bread ration
 k - 2 beef jerkies
 n - a royal jelly
 x - a meat ration


   Skills:
 * Level 2.2 Fighting
 + Level 3.8 Short Blades
 + Level 1.9 Throwing
 + Level 1.0 Armour
 * Level 4.1 Dodging
 * Level 2.4 Stealth


You had 3 spell levels left.
You knew the following spells:

 Your Spells              Type           Power        Failure   Level  Hunger
a - Corona                Hex            #......      38%         1    ##.....


Dungeon Overview and Level Annotations

Branches:
Dungeon (3/15)


Innate Abilities, Weirdness & Mutations

You have an increased reservoir of magic. (+10% MP)


Message History

HP restored.
You climb downwards.
There is a stone staircase leading up here.
The orc priest invokes the aid of Beogh against you.
Pain shoots through your body!
There is a stone staircase leading up here.
The orc priest hits you with a hand axe.
You closely miss the orc priest. The orc priest barely misses you.
The adder hisses angrily.
You hit the orc priest.
The orc priest is moderately wounded.
The orc priest calls down the wrath of Beogh upon you.
Pain shoots through your body!
* * * LOW HITPOINT WARNING * * *
You hit the orc priest but do no damage.
The orc priest is poisoned.
The orc priest is moderately wounded.
The orc priest mumbles some strange prayers to Beogh against you.
Pain shoots through your body!
You die...

#.......<.# ##......
#.........# ###..###
.####...##### ##....### #.
#..### ##..##...#
##.###.###### #####
##..#####..
......S.>...###...#####..##
###
#.###..####..#..........##
# ...#..######........#####
...........##.<<@o..#
.[.#.#####....).....#####
..# .))#)# #####[..........
... ...#)#####
#....S.((#..# ..#
...#))...###)...)........
............(........####
...#.....##..#.....#.#
..........w.###...##.#
>....>...###. #.### #


You could see a worm (wandering), an orc priest and an adder.

Vanquished Creatures
  An orc priest (D:3)
  2 orc wizards (D:3)
  6 adders
  An ooze (D:1)
  A worm (D:2)
  A dart slug (D:1)
  2 leopard geckos (D:1)
  18 orcs (D:3)
  9 giant cockroaches
  4 goblins
  4 hobgoblins
  4 kobolds
  A quokka (D:2)
  A ball python (D:2)
  8 bats
  3 frilled lizards
  6 rats
72 creatures vanquished.

Notes
Turn   | Place    | Note
-------+----------+-------------------------------------------
     0 | D:1      | Leibowitz the Demigod Gladiator began the quest for the Orb.
     0 | D:1      | Reached XP level 1. HP: 17/17 MP: 3/3
   325 | D:1      | Reached XP level 2. HP: 21/24 MP: 4/4
   331 | D:1      | Reached skill level 3 in Dodging
   853 | D:1      | Reached XP level 3. HP: 22/29 MP: 5/5
  1062 | D:2      | Reached skill level 1 in Stealth
  1217 | D:2      | Learned a level 1 spell: Corona
  1593 | D:3      | Reached XP level 4. HP: 36/36 MP: 6/6
  2250 | D:3      | Reached XP level 5. HP: 35/41 MP: 7/7
  2411 | D:3      | Reached skill level 1 in Armour
  2411 | D:3      | Reached skill level 4 in Dodging
  2934 | D:3      | Killed from afar by an orc priest

Vault maps used:
D:1:      nicolae_arrival_washed_ashore, st_stairs_4, minmay_vboxes
D:3:      minivault_26

Skill      XL: |  1  2  3  4  5 |
---------------+----------------+-----
Dodging        | 3 4 |  4.1
Short Blades   | 3 |  3.8
Stealth        | 1 2 |  2.4
Fighting       | 2 |  2.2
Armour         | 1 |  1.0
Throwing       | |  1.9

Action                   |  1- 3 |  4- 6 || total
-------------------------+-------+-------++-------
Melee: Rapier            |    20 |       ||    20
       Dagger            |    98 |   117 ||   215
Throw: Throwing net      |       |     2 ||     2
 Cast: Corona            |     1 |       ||     1
 Stab: Sleeping          |     3 |       ||     3
       Held in net/web   |       |     1 ||     1
  Eat: Chunk             |     2 |     3 ||     5
Armor: Leather armour    |    30 |    17 ||    47
Dodge: Dodged            |    88 |    58 ||   146
